AoeStats
← Fredl_5.8

Arabia

510297956Analyzed
2v2 RM · 20h ago on Sep 30, 2026· 68m 57s· 4 players
Game mode
Random Map
Map size
Medium (4 player)
Population
200
Speed
Normal
Resources
Standard
Victory
Conquest
Starting age
Dark Age
Ending age
Imperial Age
RankedLock teamsTeams togetherTeam positionsShared explorationLock speedFull tech treeHidden civsTurbo modeCheats
Victory
Defeat
🇵🇱 Armenians · Poland
693
+15
🇩🇪 Persians · Germany
659
+17
🇮🇱 Japanese · Israel
681
-16
🇮🇱 Huns · Israel
670
-16
YakyAK
12:14 Feudal Age
10:33 Loom
15:41 Forging
18:37 Scale Mail Armor
23:03 Castle Age
22:38 Scale Barding Armor
23:09 Double-Bit Axe
23:09 Horse Collar
25:04 Heavy Plow
25:34 Crossbowman
28:37 Town Watch
30:14 Gold Mining
30:17 Stone Mining
30:50 Ballistics
32:01 Chain Mail Armor
32:38 Town Patrol
40:52 Imperial Age
39:00 Wheelbarrow
47:30 Elite Skirmisher
50:16 Chemistry
51:53 Pikeman
61:56 Light Cavalry
65:46 Halberdier
OztRoniX
0:28 Loom
16:13 Feudal Age
17:46 Wheelbarrow
16:57 Town Watch
17:00 Double-Bit Axe
20:11 Man-at-Arms
22:23 Gold Mining
23:45 Horse Collar
25:55 Stone Mining
30:33 Castle Age
32:23 Gold Shaft Mining
33:05 Caravan
33:18 Bow Saw
33:14 Heavy Plow
34:19 Sanctity
37:18 Elite Skirmisher
38:31 Fletching
38:48 Padded Archer Armor
38:59 Forging
40:24 Leather Archer Armor
40:10 Scale Mail Armor
42:34 Bodkin Arrow
43:14 Iron Casting
42:55 Chain Mail Armor
42:41 Pikeman
43:22 Squires
43:07 Arson
58:06 Imperial Age
68:43 Coinage
Fredl_5.8
0:46 Loom
11:12 Feudal Age
16:14 Double-Bit Axe
22:54 Castle Age
29:24 Crossbowman
32:36 Kamandaran
33:45 Caravan
35:34 Bow Saw
35:35 Stone Mining
40:10 Imperial Age
37:58 Horse Collar
40:36 Scale Barding Armor
40:22 Fletching
41:22 Conscription
45:46 Elite War Elephant
48:21 Chain Barding Armor
51:32 Two-Man Saw
59:03 Ballistics
60:36 Heavy Plow
66:15 Sappers
67:21 Hoardings
Donald Kieł
9:50 Loom
12:13 Feudal Age
12:57 Double-Bit Axe
14:14 Wheelbarrow
14:02 Gold Mining
15:26 Man-at-Arms
16:39 Long Swordsman
17:39 Horse Collar
19:17 Scale Mail Armor
22:57 Pikeman
26:08 Castle Age
26:00 Forging
27:48 Heavy Plow
31:01 Imperial Age
29:41 Bow Saw
30:22 Gambesons
29:59 Two-Handed Swordsman
31:54 Iron Casting
34:23 Gold Shaft Mining
34:46 Hand Cart
34:11 Champion
36:43 Conscription
36:27 Elite Composite Bowman
40:11 Hand Cart
44:15 Blast Furnace
43:30 Chain Mail Armor
46:32 Light Cavalry
47:22 Bloodlines
50:14 Scale Barding Armor
50:03 Fletching
52:58 Halberdier
58:29 Ballistics
59:24 Bodkin Arrow
59:30 Padded Archer Armor
60:01 Plate Mail Armor
67:25 Chain Barding Armor
67:06 Bracer
67:22 Leather Archer Armor
Connection lost

Rejoining the realm…

Still unreachable

The connection could not be restored.

Session expired

The server has moved on; the page needs a fresh start.